 Dungeon Crawl Stone Soup version 0.32-a0-132-g2d33c3cfaf (webtiles) character file.

Game seed: 17969873568937994395

4825 hikkokomori the Grappler (level 10, -7/96 HPs)
             Began as a Troll Fighter on Feb 9, 2024.
             Was a Priest of Okawaru.
             Killed from afar by an electric eel (14 damage)
             ... with a bolt of electricity
             ... in a bailey.
             The game lasted 00:13:08 (5356 turns).

hikkokomori the Grappler (Troll Fighter)            Turns: 5356, Time: 00:13:09

Health: -7/96      AC:  4    Str: 26    XL:     10   Next: 25%
Magic:  11/11      EV:  9    Int:  4    God:    Okawaru [***...]
Gold:   203        SH: 13    Dex: 13    Spells: 9/9 levels left

rFire   . .          .
                       - Unarmed
rCold   . . .        b - +0 kite shield
rNeg    . . .        a - +0 robe
rPois   .            (helmet restricted)
rElec   .            (no cloak)
rCorr   .            (gloves unavailable)
SInv    .            (boots unavailable)
Will    .....        q - amulet of reflection
Stlth   ++           r - ring of flight
HPRegen 1.16/turn    (no ring)
MPRegen 0.12/turn

%: reflection
@: flying
A: large, unfitting armour, claws 3, regeneration 1, shaggy fur 1, tough skin 1
a: Renounce Religion, Heroism


You were in a bailey.
You worshipped Okawaru.
Okawaru was most pleased with you.
You visited 2 branches of the dungeon, and saw 8 of its levels.
You also visited: Ossuary and Bailey.

You collected 351 gold pieces.
You spent 148 gold pieces at shops.

Inventory:

Missiles
 d - 3 curare-tipped darts (quivered)
 h - 4 boomerangs
 y - 10 poisoned darts
 C - 3 datura-tipped darts
Armour
 a - a +0 robe (worn)
 b - a +0 kite shield (worn)
Jewellery
 q - an amulet of reflection (around neck)
 r - a ring of flight (left claw)
 s - an amulet of guardian spirit
Talismans
 t - a maw talisman
Wands
 k - a wand of digging (2)
 n - a wand of light (5)
 x - a wand of charming (3)
Scrolls
 e - a scroll of enchant weapon
 f - 3 scrolls of noise
 i - 5 scrolls of teleportation
 o - a scroll of immolation
 p - a scroll of fear {unknown}
 w - a scroll of vulnerability
 B - a scroll of revelation
 D - a scroll of acquirement
Potions
 c - 2 potions of degeneration
 g - 3 potions of might
 j - a potion of lignification
 m - a potion of resistance
 u - 5 potions of curing
 v - a potion of mutation
 z - 3 potions of ambrosia
 A - a potion of haste


   Skills:
 - Level 5.0 Fighting
 - Level 3.0 Throwing
 - Level 3.0 Dodging
 - Level 2.0 Stealth
 - Level 3.0 Shields
 + Level 11.9 Unarmed Combat
 - Level 3.0 Invocations
 - Level 3.0 Evocations


You had 9 spell levels left.
You didn't know any spells.
Your spell library contained the following spells:

 Spells                   Type           Power      Damage    Failure   Level
 Apportation              Tloc           0%         N/A       75%         1
 Necrotise                Necr           0%         1d4       75%         1
 Sandblast                Erth           0%         2d4       75%         1
 Shock                    Conj/Air       0%         1d3       75%         1
 Sting                    Conj/Alch      0%         1d3       75%         1
 Lesser Beckoning         Tloc           0%         N/A       87%         2
 Gell's Gravitas          Tloc           0%         N/A       98%         3
 Passwall                 Erth           0%         N/A       98%         3
 Stone Arrow              Conj/Erth      0%         3d7       98%         3
 Swiftness                Air            0%         N/A       98%         3
 Teleport Other           Tloc           0%         N/A       98%         3
 Airstrike                Air            0%         2d(0-16)  100%        4
 Brom's Barrelling Bould  Conj/Erth      0%         2d3       100%        4
 Ignite Poison            Fire/Alch      0%         N/A       100%        4
 Leda's Liquefaction      Alch/Erth      0%         N/A       100%        4
 Sticky Flame             Fire/Alch      0%         2d4       100%        4
 Lee's Rapid Deconstruct  Erth           0%         3d4*      100%        5
 Bombard                  Conj/Erth      0%         9d1       100%        6
 Ignition                 Fire           0%         3d3       100%        8
 Summon Small Mammal      Summ           Unusable   N/A       N/A         1

Dungeon Overview and Level Annotations

Branches:
Dungeon (7/15)             Temple (1/1) D:5         Ossuary (visited)
 Bailey (1/1)

Altars:
Ashenzari
Cheibriados
Dithmenos
Fedhas
Kikubaaqudgha
Makhleb
Okawaru
Trog
Uskayaw
Wu Jian
Xom
Yredelemnul
The Shining One

Shops:
D:3 :   D:4 *

Annotations:
D:6 3 runed translucent doors, Biggs's ghost, amateur KoMo


Innate Abilities, Weirdness & Mutations

You are too large for most types of armour.
You have claws for hands.
Your natural rate of healing is unusually fast.
You are covered in fur. (AC +1)
You have tough skin. (AC +1)


Message History

Okay, then.
Aiming: Bolt of Light
Press: ? - help, Shift-Dir - straight line, f - electric eel
Aim: an electric eel (water, 57% to hit)
The bolt of light misses the electric eel.
The bolt of light hits the electric eel!
The electric eel is heavily wounded.
The electric eel is blinded.
The electric eel shoots out a bolt of lightning at you!
The bolt of electricity hits you!
Unknown command.
The electric eel shoots out a bolt of lightning at you!
The bolt of electricity hits you!
The electric eel shoots out a bolt of lightning at you!
The bolt of electricity hits you!
The electric eel shoots out a bolt of lightning at you!
The bolt of electricity hits you! x2
* * * LOW HITPOINT WARNING * * *
The electric eel shoots out a bolt of lightning at you!
The bolt of electricity hits you!
* * * LOW HITPOINT WARNING * * *
The bolt of electricity misses you.
The electric eel shoots out a bolt of lightning at you!
The bolt of electricity hits you!
* * * LOW HITPOINT WARNING * * *
You reach down and open the door. 2 orc warriors and an orc come into view.
The orc shouts!
The orc warrior shouts!
The electric eel shoots out a bolt of lightning at you!
The bolt of electricity hits you!
* * * LOW HITPOINT WARNING * * *
The bolt of electricity hits the electric eel.
The electric eel completely resists.
You feel much better.
The electric eel shoots out a bolt of lightning at you!
The bolt of electricity hits you!
* * * LOW HITPOINT WARNING * * *
The electric eel shoots out a bolt of lightning at you!
The bolt of electricity hits you!
You die...

#≈≈≈≈≈≈≈≈~.#..# ##'## #
#≈≈≈≈≈≈≈≈~.##)# ... #
#≈≈≈≈≈≈≈≈~.#).# .._.. #
#≈≈≈≈≈≈≈≈~.#)ß# ....o.. #
#≈≈≈≈≈≈≈≈~.#..# .....g... #
#≈≈≈≈≈≈≈≈~.#)ß#############
#≈≈≈≈≈≈≈S~.#)....#######...
#≈≈≈≈S≈≈≈~.#.ß...#.....#...
#≈≈≈≈≈≈≈≈~@#...))#.....#...
#≈≈≈≈≈≈S≈#o####..#..⌠.)#..#
#≈≈≈≈≈≈≈≈#.. #..'....)'..#
#≈≈≈≈≈≈≈≈#.o. #..'....)'..#
≈≈≈≈≈≈≈≈###..#####+++#####
≈≈≈≈≈≈≈ o.# ..........#
≈≈≈≈ ### ~~~...~~~~#
≈≈≈...≈≈≈≈≈ ≈≈≈≈...≈≈≈≈≈


You could see 2 orc warriors, 3 electric eels and an orc.

Vanquished Creatures
  An orc high priest (Bailey)
  An orc knight (Bailey)
  Pikel (D:7)
  A moth of wrath (D:3)
  A kobold demonologist (Bailey)
  Eustachio (D:4)
  Menkaure (D:7)
  A water moccasin (D:5)
  9 orc warriors (Bailey)
  A black bear (D:5)
  An ice beast (D:6)
  2 lemures (D:7)
  A phantom (D:4)
  3 elf zombies (Ossuary)
  A scorpion (D:5)
  2 howler monkeys (D:5)
  An electric eel (Bailey)
  A centaur zombie (Ossuary)
  A jelly (D:6)
  A human zombie (Ossuary)
  3 orc priests
  A bombardier beetle (D:6)
  3 hounds
  A sleepcap (D:5)
  5 orc wizards
  An iguana (D:4)
  A scorpion zombie (D:5)
  7 hound zombies (Ossuary)
  2 mummies (Ossuary)
  6 gnolls (Bailey)
  2 howler monkey skeletons (D:5)
  5 adders
  2 white imps
  8 adder zombies
  2 adder skeletons (D:5)
  4 dart slugs
  A ribbon worm (D:5)
  16 orcs
  2 ball pythons (D:4)
  8 endoplasms
  2 giant cockroaches
  6 gnoll zombies (Ossuary)
  13 hobgoblins
  4 jackals (D:1)
  2 quokkas
  5 bats
  3 frilled lizards
  10 goblins
  5 jackal zombies (Ossuary)
  9 kobolds
  4 kobold zombies (Ossuary)
  3 orc zombies (Ossuary)
  11 rats
  A spectral kobold (D:3)
190 creatures vanquished.

Vanquished Creatures (others)
  2 lemures (D:7)
2 creatures vanquished.

Grand Total: 192 creatures vanquished

Notes
Turn   | Place    | Note
-------+----------+-------------------------------------------
     0 | D:1      | hikkokomori the Troll Fighter began the quest for the Orb.
     0 | D:1      | Reached XP level 1. HP: 22/22 MP: 0/0
   304 | D:1      | Reached XP level 2. HP: 29/29 MP: 1/1
  1037 | D:2      | Reached XP level 3. HP: 36/36 MP: 2/2
  1436 | D:2      | Reached skill level 3 in Unarmed Combat
  1671 | D:3      | Found a faded altar of an unknown god.
  1685 | D:3      | Reached skill level 4 in Unarmed Combat
  1685 | D:3      | Reached XP level 4. HP: 33/44 MP: 3/3
  1816 | D:3      | Found Ipnetsom's Book Boutique.
  1834 | D:3      | Reached XP level 5. HP: 50/50 MP: 4/4
  2134 | D:3      | Noticed a moth of wrath
  2150 | D:3      | Killed a moth of wrath
  2151 | D:3      | Reached skill level 7 in Unarmed Combat
  2151 | D:3      | Reached XP level 6. HP: 59/59 MP: 5/5
  2151 | D:3      | Reached XP level 7. HP: 66/66 MP: 6/6
  2159 | D:3      | Found a bloodstained altar of Trog.
  2217 | D:4      | Noticed Eustachio
  2225 | D:4      | Killed Eustachio
  2226 | D:4      | Reached skill level 1 in Stealth
  2436 | D:4      | Found the +1 Delatra's gloves {ID++}
  2490 | D:4      | Found Orosidal's Assorted Antiques.
  2497 | D:4      | Bought a fuming golden potion for 19 gold pieces
  2497 | D:4      | Bought a scroll labelled KUENOXZ RAKHU for 22 gold pieces
  2497 | D:4      | Bought a gold wand for 88 gold pieces
  2497 | D:4      | Bought a gluggy blue potion for 19 gold pieces
  2902 | D:5      | Entered Level 5 of the Dungeon
  2906 | D:5      | Found a hide-covered altar of Uskayaw.
  3068 | D:5      | Found a sand-covered staircase.
  3084 | Ossuary  | Entered an ossuary
  3126 | Ossuary  | Reached XP level 8. HP: 77/78 MP: 7/7
  3298 | Ossuary  | Reached skill level 5 in Fighting
  3322 | Ossuary  | Reached skill level 1 in Evocations
  3617 | D:5      | Found a staircase to the Ecumenical Temple.
  3631 | D:5      | Reached skill level 8 in Unarmed Combat
  3647 | Temple   | Entered the Ecumenical Temple
  3667 | Temple   | Became a worshipper of Warmaster Okawaru
  3868 | D:5      | Reached skill level 1 in Throwing
  4275 | D:6      | Found a runed translucent gate.
  4275 | D:6      | Identified the +7 plate armour "Quwaheag" {rPois rN+ Str-2
                  | Dex+3}
  4276 | D:6      | Found a runed translucent gate.
  4277 | D:6      | Found a runed translucent gate.
  4281 | D:6      | Noticed Biggs's ghost (amateur KoMo)
  4481 | D:6      | Reached XP level 9. HP: 69/88 MP: 8/8
  4546 | D:6      | Reached skill level 1 in Invocations
  4750 | D:7      | Noticed Pikel
  4779 | D:7      | Killed Pikel
  4779 | D:7      | Reached * piety under Okawaru
  4809 | D:7      | Found a flagged portal.
  4809 | D:7      | Noticed Menkaure
  4824 | D:7      | Killed Menkaure
  4850 | Bailey   | Entered a bailey
  4886 | Bailey   | Reached skill level 9 in Unarmed Combat
  4934 | Bailey   | Noticed a kobold demonologist
  4942 | Bailey   | Killed a kobold demonologist
  4967 | Bailey   | Noticed an orc knight
  4990 | Bailey   | Killed an orc knight
  4990 | Bailey   | Reached ** piety under Okawaru
  4991 | Bailey   | Reached skill level 10 in Unarmed Combat
  5153 | Bailey   | Reached skill level 11 in Unarmed Combat
  5165 | Bailey   | Reached XP level 10. HP: 35/96 MP: 11/11
  5274 | Bailey   | Found an iron altar of Okawaru.
  5274 | Bailey   | Noticed an orc high priest
  5319 | Bailey   | Killed an orc high priest
  5319 | Bailey   | Reached *** piety under Okawaru
  5355 | Bailey   | HP: 2/96 [electric eel/bolt of electricity (9)]
  5356 | Bailey   | Killed from afar by an electric eel

Illustrated notes

Levels and vault maps discovered:
D:1:      onia_arrival_mini_maze, layout_basic
D:2:      layout_loops_cross, kennysheep_generic_room_7
D:3:      layout_rooms, tgw_trog, dreamdust_ecumenical_altar_drowned_temple,
          serial_shops, shop, serial_corexii_hall, corexii_hall_statues_i,
          corexii_hall_statues_i, corexii_hall_statues_l, minivault_5
D:4:      layout_loops_ring, serial_shops, nicolae_shop_overgrown_old_shop,
          hangedman_minor_gate_pass, uniq_eustachio
D:5:      layout_loops_corners, nicolae_uskayaw_dance_hall,
          minmay_temple_entry_glassed_door,
          mainiacjoe_ossuary_entry_find_the_door
D:6:      layout_rooms, biasface_ghost_orc_armoury, nicolae_the_louvre
D:7:      minmay_the_grid_octo_tiled_squarecenter
          [minmay_the_grid_octo_odd_swirl, minmay_the_grid_octo_pinwheel,
          minmay_the_grid_octo_thin_diamonds, minmay_the_grid_octo_concentric,
          minmay_the_grid_square_5x5_megaprize_crossed,
          minmay_the_grid_square_5x5_tri_point,
          minmay_the_grid_square_5x5_corner, minmay_the_grid_square_5x5_n_small,
          minmay_the_grid_square_5x5_n], layout_basic,
          mainiacjoe_overflow_catwalk, enter_bailey_6, grunt_decor_junction,
          kennysheep_windowed_goal, uniq_pikel, uniq_menkaure
Temple:   chequers_temple_sunken
Bailey:   bailey_axe_of_yendor_kennysheep, bailey

Skill      XL: |  1  2  3  4  5  6  7  8  9 |
---------------+----------------------------+-----
Shields        | 3 |  3.0
Dodging        | 3 |  3.0
Unarmed Combat | 4 7 8 11 | 11.9
Stealth        | 2 |  2.0
Fighting       | 4 5 |  5.0
Evocations     | 3 |  3.0
Throwing       | 3 |  3.0
Invocations    | 3 |  3.0

Action                     |  1- 3 |  4- 6 |  7- 9 | 10-12 || total
---------------------------+-------+-------+-------+-------++-------
  Melee: Unarmed           |   105 |    42 |   394 |    26 ||   567
  Throw: Dart              |       |       |    10 |       ||    10
  Evoke: Wand              |       |     1 |     3 |     1 ||     5
    Use: Potion            |       |     1 |       |     1 ||     2
         Scroll            |       |       |    15 |       ||    15
   Stab: Sleeping          |     1 |       |     7 |     1 ||     9
         Distracted        |       |       |     1 |       ||     1
         Invisible         |       |       |     1 |       ||     1
 Armour: Robe              |    50 |    14 |   152 |    16 ||   232
  Dodge: Dodged            |    29 |     9 |    87 |     9 ||   134
  Block: Kite shield       |    29 |    23 |   212 |     6 ||   270
         Reflection        |       |     1 |     3 |       ||     4

Table legend: (Time is in decaauts)
 A = Elapsed time spent in this place.
 B = Non-inter-level travel time spent in this place.
 C = Inter-level travel time spent in this place.
 D = Time resting spent in this place.
 E = Time spent auto-exploring this place.
 F = Levels seen in this place.
 G = Mean time per level.
                   A        B        C        D        E       F      G
               +--------+--------+--------+--------+--------+-----+--------+
         Total |   5355 |   5184 |    171 |     57 |   3740 |  10 |  535.5 |
       Dungeon |   4532 |   4361 |    171 |     40 |   3381 |   7 |  647.4 |
        Temple |     29 |     29 |      0 |      0 |      0 |   1 |   29.0 |
       Ossuary |    297 |    297 |      0 |      0 |    112 |   1 |  297.0 |
        Bailey |    495 |    495 |      0 |     17 |    247 |   1 |  495.0 |
               +--------+--------+--------+--------+--------+-----+--------+

Top non-repeatable levels by time:
     D:5: 998 daAuts
     D:1: 940 daAuts
     D:2: 686 daAuts
     D:4: 684 daAuts
     D:3: 608 daAuts
  Bailey: 495 daAuts
     D:6: 472 daAuts
 Ossuary: 297 daAuts
     D:7: 142 daAuts
  Temple: 29 daAuts
